[Event "FIDE Women's Grand Swiss 2023"]
[Site "Villa Marina, Douglas, Isle of Man, Isle Of Man"]
[Date "2023.10.26"]
[Round "2.21"]
[White "Javakhishvili, Lela"]
[Black "Arakhamia-Grant, Ketevan"]
[Result "1-0"]
[TimeControl "40/90 + 30 + 30s/move"]
[WhiteFideId "13601458"]
[BlackFideId "13600168"]
[WhiteElo "2437"]
[BlackElo "2297"]

1. d4 Nf6 2. c4 g6 3. g3 c5 4. dxc5 Qa5+ 5. Nc3 Bg7 6. Bd2 Qxc5 7. Rc1 O-O 8. Bg2 d6 9. b3 Nbd7 10.
Nh3 a6 11. Nf4 Qc7 12. O-O Rb8 13. b4 b6 14. Nfd5 Qd8 15. Bf4 Nxd5 16. Nxd5 Ne5 17. Bg5 f6 18. Bd2 e6 19. Nf4 Qe7 20.
Qb3 Bd7 21. Nd3 Nc6 22. Bc3 f5 23. Rfd1 g5 24. Bxg7 Kxg7 25. Qc3+ Kg8 26. b5 axb5 27. cxb5 Na5 28. Qb4 Rfc8 29.
Ne5 Rxc1 30. Rxc1 Rc8 31. Rxc8+ Bxc8 32. Nc6 Nxc6 33. Bxc6 Kf7 34. a4 Qc7 35. Qc3 Qd8 36. Qb2 Bd7 37.
Bxd7 Qxd7 38. Qh8 Kg6 39. Qb8 Qg7 40. Qxd6 Qa1+ 41. Kg2 Qa2 42. e4 fxe4 43. Qxb6 g4 44. h3 gxh3+ 45. Kxh3 Qxa4 46.
Qxe6+ Kg5 47. b6 Qb5 48. Qe7+ Kh6 49. Qf6+ Kh5 1-0

[Event "FIDE Women's Grand Swiss 2023"]
[Site "Villa Marina, Douglas, Isle of Man, Isle Of Man"]
[Date "2023.10.26"]
[Round "2.22"]
[White "Aulia, Medina Warda"]
[Black "Vantika, Agrawal"]
[Result "1-0"]
[TimeControl "40/90 + 30 + 30s/move"]
[WhiteFideId "7101570"]
[BlackFideId "25050389"]
[WhiteElo "2362"]
[BlackElo "2435"]

1. e4 c5 2. Nf3 d6 3. d4 cxd4 4. Nxd4 Nf6 5. Nc3 a6 6. Be3 e5 7. Nf3 Be7 8. Bc4 Be6 9. Bb3 Nbd7 10.
O-O Rc8 11. Re1 Qc7 12. h3 b5 13. Ng5 Bc4 14. f4 O-O 15. Nf3 Rfe8 16. a3 Qb7 17. Nd2 exf4 18. Bxf4 Ne5 19. Nf3 Ng6 20.
Bg3 Bf8 21. Nd2 Ne5 22. Nf3 Ng6 23. Nd2 h6 24. Kh1 Re6 25. Bxc4 bxc4 26. Rb1 Qc6 27. Qf3 Ne5 28. Qf2 Rce8 29.
Qd4 Nfd7 30. Nd5 g6 31. Qf2 Bg7 32. Rf1 Nf6 33. Bxe5 dxe5 34. Qa7 Rd6 35. Rbd1 Nd7 36. Nb1 Bf8 37.
Nbc3 Kg7 38. Rf3 Qc5 39. Qxc5 Nxc5 40. Rdf1 f5 41. exf5 e4 42. Rg3 Rb8 43. Ne3 g5 44. Nxc4 Rd4 45.
b3 Be7 46. Re3 Bf6 47. Ne2 Rdd8 48. b4 Na4 49. Rxe4 Re8 50. Ng3 Rxe4 51. Nxe4 Rd8 52. Ncd6 Be5 53. f6+ Kf8 54. Nf5 Nc3 55.
Nc5 Kf7 56. Nxh6+ Kg6 57. f7 Ne2 58. f8=Q Ng3+ 59. Kg1 Ne2+ 60. Kf2 Rxf8+ 61. Kxe2 Rxf1 62. Kxf1 Kxh6 63. Nxa6 Kg6 64. b5 Bd4 65. c4 Kf5 66. c5 1-0

[Event "FIDE Women's Grand Swiss 2023"]
[Site "Villa Marina, Douglas, Isle of Man, Isle Of Man"]
[Date "2023.10.26"]
[Round "2.23"]
[White "Gomez Barrera, Javiera Belen"]
[Black "Injac, Teodora"]
[Result "0-1"]
[TimeControl "40/90 + 30 + 30s/move"]
[WhiteFideId "3418723"]
[BlackFideId "932400"]
[WhiteElo "2266"]
[BlackElo "2426"]

1. e4 e5 2. Nf3 Nc6 3. Bc4 Bc5 4. d3 Nf6 5. O-O d6 6. c3 h6 7. Re1 a6 8. b4 Ba7 9. a4 O-O 10.
Ra2 Ne7 11. a5 Ng6 12. Bb3 Re8 13. c4 Nh7 14. Nc3 c6 15. Na4 Bg4 16. h3 Bxf3 17. Qxf3 Ng5 18. Qg4 Ne6 19. Be3 Nd4 20.
Bd1 c5 21. bxc5 Qxa5 22. Bd2 Qd8 23. cxd6 Qxd6 24. Nc3 Ne7 25. Nd5 Nxd5 26. exd5 Bc5 27. Be3 b5 28. Ra1 Rf8 29. Rb1 Rab8 30.
Bd2 f5 31. Qh5 b4 32. Ba4 Rb7 33. Be3 Re7 34. Bxd4 Bxd4 35. Re2 Kh7 36. Qf3 Ref7 37. Bb3 g5 38. Rc1 Rg7 39. c5 Bxc5 40.
Rec2 Rc7 41. d4 exd4 42. Qd3 Rff7 43. Ra1 Rf6 44. Bc4 Re7 45. Rca2 Qe5 46. g3 Kg7 47. Rxa6 Rxa6 48. Rxa6 Bd6 49.
Qf3 Rc7 50. Qd3 f4 51. g4 f3 52. Kf1 Qxd5 0-1

[Event "FIDE Women's Grand Swiss 2023"]
[Site "Villa Marina, Douglas, Isle of Man, Isle Of Man"]
[Date "2023.10.26"]
[Round "2.24"]
[White "Fataliyeva, Ulviyya"]
[Black "Nassr, Lina"]
[Result "1-0"]
[TimeControl "40/90 + 30 + 30s/move"]
[WhiteFideId "13403052"]
[BlackFideId "7908075"]
[WhiteElo "2393"]
[BlackElo "2066"]

1. d4 Nf6 2. Bf4 e6 3. e3 b6 4. Qf3 d5 5. Nd2 Bb7 6. Bb5+ Nbd7 7. g4 Bd6 8. g5 Ne4 9. Nxe4 dxe4 10.
Qg3 Qe7 11. O-O-O O-O-O 12. h4 a6 13. Bf1 e5 14. dxe5 Nxe5 15. Ne2 Rhe8 16. Nd4 g6 17. Qh3+ Qd7 18. Qxd7+ Kxd7 19. Bh3+ Ke7 20.
Ne2 Nc4 21. Nc3 Bxf4 22. exf4 f5 23. h5 Kf8 24. Rxd8 Rxd8 25. hxg6 hxg6 26. Bf1 Rd4 27. Rh7 Nd2 28. Be2 Nf3 29.
Rxc7 Bd5 30. Bxf3 exf3 31. Rd7 Rxf4 32. Nxd5 Rg4 33. Kd2 Rxg5 34. Ke3 Rg1 35. Kxf3 1-0

[Event "FIDE Women's Grand Swiss 2023"]
[Site "Villa Marina, Douglas, Isle of Man, Isle Of Man"]
[Date "2023.10.26"]
[Round "2.25"]
[White "Kanyamarala, Trisha"]
[Black "Milliet, Sophie"]
[Result "0-1"]
[TimeControl "40/90 + 30 + 30s/move"]
[WhiteFideId "45004722"]
[BlackFideId "623725"]
[WhiteElo "2184"]
[BlackElo "2391"]

1. d4 d5 2. c4 e6 3. Nc3 c5 4. e3 Nf6 5. Nf3 a6 6. a4 Nc6 7. Be2 dxc4 8. Bxc4 cxd4 9. exd4 Be7 10.
O-O O-O 11. Be3 Nb4 12. Ne5 Bd7 13. Qf3 Bc6 14. Nxc6 Nxc6 15. Rfd1 Qa5 16. d5 Ne5 17. Qe2 Qc7 18. Ba2 Neg4 19.
g3 Nxe3 20. Qxe3 Bc5 21. Qf3 Qb6 22. Rab1 Rad8 23. Kg2 e5 24. Rd2 Qb4 25. Re2 Bd4 26. Qd3 Rd6 27. h3 Rfd8 28. Rc2 g6 29.
Qe2 R8d7 30. Rbc1 Qa5 31. Qe1 Qxe1 33. Rxe1 Nxe4 34. Rxe4 Rb6 35. f4 f6 36. Ree2 Rb4 37.
Rc4 Rxb2 38. Rxb2 Bxb2 39. fxe5 Bxe5 40. Rc2 Kf8 41. Rc8+ Ke7 42. Rh8 Kd6 43. Kf3 Kc5 44. g4 Kb4 45.
Re8 Kxa4 46. Ke4 Bd6 47. Ra8 a5 48. Kd4 b5 49. Bb1 Kb4 50. h4 a4 51. h5 a3 52. Rc8 Be5 53. Ke4 Rc7 54.
Ra8 Rc4 55. Kf3 Rf4+ 56. Ke3 Rxg4 57. hxg6 hxg6 58. Ra6 Kb3 59. d6 Rd4 60. Bxg6 Rxd6 61. Ra8 Kb2 62. Bf7 b4 63. Ra4 Rb6 64.
Kd3 b3 65. Re4 a2 66. Re2+ Ka3 0-1